AoeStats
← boringstorm

Golden Pit

508768531Analyzed
1v1 RM · 7d ago on Sep 24, 2026· 57m 16s· 2 players
Game mode
Random Map
Map size
Tiny (2 player)
Population
200
Speed
Normal
Resources
Standard
Victory
Conquest
Starting age
Dark Age
Ending age
Imperial Age
RankedLock teamsTeams togetherTeam positionsShared explorationLock speedFull tech treeHidden civsTurbo modeCheats
Victory
Defeat
🇺🇸 Burgundians · United States
899
+17
🇺🇸 Hindustanis · United States
918
-17
FreshUCakes
8:21 Loom
10:31 Feudal Age
11:20 Double-Bit Axe
16:40 Horse Collar
17:12 Bow Saw
21:12 Castle Age
19:59 Heavy Plow
20:39 Forging
22:04 Husbandry
22:43 Scale Barding Armor
23:10 Town Watch
23:07 Light Cavalry
26:11 Wheelbarrow
27:53 Iron Casting
27:40 Chain Barding Armor
27:40 Town Patrol
29:14 Elite Skirmisher
29:47 Fletching
29:58 Padded Archer Armor
32:07 Pikeman
34:14 Wheelbarrow
33:38 Bodkin Arrow
34:26 Treadmill Crane
35:02 Squires
35:28 Murder Holes
36:00 Burgundian Vineyards
39:58 Imperial Age
39:02 Scale Mail Armor
41:20 Conscription
42:13 Chemistry
40:44 Capped Ram
42:24 Hussar
45:03 Hand Cart
46:14 Blast Furnace
46:12 Ballistics
46:59 Chain Mail Armor
47:23 Plate Barding Armor
47:40 Halberdier
51:28 Hoardings
51:43 Plate Mail Armor
51:15 Bracer
51:30 Arson
boringstorm
7:28 Loom
10:03 Feudal Age
22:10 Castle Age
22:30 Horse Collar
23:14 Double-Bit Axe
25:42 Wheelbarrow
26:23 Bloodlines
27:03 Hand Cart
27:25 Forging
29:02 Husbandry
29:08 Gold Mining
36:05 Imperial Age
34:39 Bow Saw
36:48 Scale Barding Armor
40:36 Heavy Camel Rider
45:43 Chemistry
44:47 Imperial Camel Rider
52:34 Two-Man Saw
51:43 Padded Archer Armor
52:53 Leather Archer Armor
54:41 Light Cavalry
56:59 Hussar
Connection lost

Rejoining the realm…

Still unreachable

The connection could not be restored.

Session expired

The server has moved on; the page needs a fresh start.